 Dungeon Crawl Stone Soup version 0.31-a0-232-gb1c03b2570 (webtiles) character file.

Game seed: 5497749734148749014

217 qw the Shooter (level 5, -3/45 HPs)
             Began as a Minotaur Hexslinger on July 6, 2023.
             Slain by Eustachio
             ... wielding a +0 rapier
              (5 damage)
             ... on level 2 of the Dungeon.
             The game lasted 00:01:10 (3064 turns).

qw the Shooter (Minotaur Hexslinger)                Turns: 3064, Time: 00:01:11

Health: -3/45      AC:  8    Str: 13    XL:     5   Next: 62%
Magic:  5/5        EV: 12    Int: 10    God:
Gold:   138        SH:  0    Dex: 18    Spells: 5/6 levels left

rFire   + . .        Y - +1 sling
rCold   + . .        (no shield)
rNeg    . . .        d - +3 leather armour {rF+}
rPois   .            i - +2 hat
rElec   +            (no cloak)
rCorr   .            (no gloves)
SInv    .            (no boots)
Will    .....        (no amulet)
Stlth   +            a - ring of Vodooph {Fly rElec Dex+4}
HPRegen 0.27/turn    b - ring of protection from cold
MPRegen 0.09/turn

%: no passive effects
@: flying
A: horns 2, retaliatory headbutt
a: no special abilities


You were on level 2 of the Dungeon.
You visited 1 branch of the dungeon, and saw 4 of its levels.

You collected 138 gold pieces.


Innate Abilities, Weirdness & Mutations

You have a pair of horns on your head.
You reflexively headbutt those who attack you in melee.


   Skills:
 - Level 3.3 Fighting
 + Level 5.8 Ranged Weapons
 - Level 2.1 Dodging
 - Level 1.0 Spellcasting
 - Level 2.0 Hexes


You had 5 spell levels left.
You knew the following spells:

 Your Spells              Type           Power      Damage    Failure   Level
a - Slow                  Hex            16%        N/A       19%         1

Your spell library contained the following spells:

 Spells                   Type           Power      Damage    Failure   Level
 Inner Flame              Hex/Fire       2%         N/A       65%         3
 Portal Projectile        Hex/Tloc       4%         N/A       65%         3
 Cause Fear               Hex            2%         N/A       88%         4

Inventory:

Hand Weapons
 Y - a +1 sling (weapon)
Armour
 d - a +3 leather armour of fire resistance (worn)
 i - a +2 hat (worn)
Jewellery
 a - the ring of Vodooph (left hand) {Fly rElec Dex+4}
   (You found it on level 2 of the Dungeon)

   [ring of flight]

   Dex:       It affects your dexterity (+4).
   rElec:     It insulates you from electricity.
   Fly:       It grants you flight.
 b - a ring of protection from cold (right hand)
Scrolls
 e - a scroll of identify
Potions
 c - a potion of attraction {unknown}
 h - a potion of ambrosia {unknown}
 j - a potion of might {unknown}
 k - a potion of magic {unknown}

Dungeon Overview and Level Annotations

Branches:
Dungeon (4/15)
 Temple: D:4-7

Altars:
Ashenzari

Annotations:
D:2 Eustachio
D:3 2 runed translucent doors
D:4 Natasha


Message History

The sling bullet hits the river rat!
The river rat is severely wounded.
Eustachio hits you with a +0 rapier.
The white imp hits you but does no damage.
The white imp closely misses you. You furiously retaliate!
You headbutt the white imp! You shoot a sling bullet.
The sling bullet hits the white imp!
You kill the white imp!
The white imp disappears in a puff of smoke!
Eustachio casts a spell.
Eustachio blinks!
The white imp gestures at you. The puff of frost hits you. You resist.
You shoot a sling bullet. The sling bullet hits the ufetubus.
The ufetubus is severely wounded.
The ufetubus misses you. x2; The white imp barely misses you.
You shoot a sling bullet. The sling bullet hits the ufetubus.
You kill the ufetubus!
The ufetubus disappears in a puff of smoke!
The white imp hits you. The white imp freezes you. You resist.
You shoot a sling bullet.
The sling bullet closely misses the river rat.
The river rat bites you but does no damage.
The white imp gestures at you. The puff of frost hits you. You resist.
You shoot a sling bullet. The sling bullet hits the river rat.
You kill the river rat!
The river rat's corpse disappears in a puff of smoke!
The white imp gestures at you. The puff of frost misses you.
The puff of frost hits Eustachio!
You shoot a sling bullet. The sling bullet hits Eustachio.
Eustachio is almost dead.
The white imp barely misses you.
Eustachio casts a spell.
You shoot a sling bullet.
The sling bullet barely misses Eustachio.
The sling bullet misses the quasit.
The white imp disappears in a puff of smoke!
Eustachio hits you with a +0 rapier.
You die...

...##.##.#......#.##.#
...#..#..#..}..#..#..#
##...##..#....#..##.##
.###.#%.......#..#..#
...#####...#.##.##.##
.#...#.###......#..#
....##...###...##.##
....#......###.#ยค5#
.#.##.##.#...#.#@##
...#.....#.....#@#
#.##..#.....#.##.#
..#.....}..#..#55#
.##.#......#.##.########
.....##...#..#.....)...#
####.....#..##.#######.#
###......#..#######.#
###...##.>........#


You could see Eustachio, a quasit (summoned), a crimson imp (summoned) and a
shadow imp (summoned).

Vanquished Creatures
  2 orc priests (D:3)
  An orc wizard (D:3)
  5 adders
  A gnoll (D:1)
  3 dart slugs
  5 orcs
  2 ball pythons
  11 bats
  6 endoplasms
  4 giant cockroaches
  5 goblins
  2 hobgoblins (D:1)
  6 jackals
  2 kobolds (D:2)
  2 quokkas (D:1)
  4 frilled lizards
  6 rats
67 creatures vanquished.

Notes
Turn   | Place    | Note
-------+----------+-------------------------------------------
     0 | D:1      | qw the Minotaur Hexslinger began the quest for the Orb.
     0 | D:1      | Reached XP level 1. HP: 16/16 MP: 1/1
     0 | D:1      | 0 ||| qw: Version: 0.3-a-46-gb1f654a
     0 | D:1      | 0 ||| qw: Game counter: 2095
     0 | D:1      | 0 ||| qw: Melee chars always use a shield: true
     0 | D:1      | 0 ||| qw: God list: Okawaru
     0 | D:1      | 0 ||| qw: Allow faded altars: false
     0 | D:1      | 0 ||| qw: Do Orc after clearing Dungeon:15 true
     0 | D:1      | 0 ||| qw: Do second Lair branch before Depths: true
     0 | D:1      | 0 ||| qw: Lair rune preference: random
     0 | D:1      | 0 ||| qw: Goals: Normal
     0 | D:1      | 0 ||| PLANNING D:1-11
    89 | D:1      | Reached skill level 3 in Ranged Weapons
    89 | D:1      | Reached XP level 2. HP: 20/23 MP: 2/2
   393 | D:1      | Found a faded altar of an unknown god.
   627 | D:1      | Reached XP level 3. HP: 13/29 MP: 3/3
   630 | D:1      | HP: 5/29 [gnoll/+0 club (5)]
   780 | D:1      | Reached skill level 4 in Ranged Weapons
   843 | D:1      | 843 ||| UPGRADING to +3 leather armour of fire resistance.
   853 | D:1      | 853 ||| DROPPING +0 robe.
   854 | D:1      | 854 ||| UPGRADING to +2 hat.
   859 | D:1      | 859 ||| READING scroll labelled XISSASMIOTH.
   864 | D:1      | 864 ||| READING scroll labelled DAXUEN PEPAC.
   865 | D:1      | 865 ||| READING 2 scrolls labelled SOVYXTIOLY.
   866 | D:1      | 866 ||| READING scroll labelled LOZIOLAIVIR.
   867 | D:1      | 867 ||| DROPPING scroll of poison.
   868 | D:1      | 868 ||| DROPPING scroll of fear.
   891 | D:2      | 891 ||| STAIRDANCE
  1002 | D:2      | Identified the ring of Vodooph {Fly rElec Dex+4}
  1194 | D:2      | Reached XP level 4. HP: 36/36 MP: 4/4
  1610 | D:2      | Reached skill level 5 in Ranged Weapons
  1726 | D:2      | 1726 ||| UPGRADING to ring of Vodooph {Fly rElec Dex+4}.
  1727 | D:2      | 1727 ||| UPGRADING to ring of protection from cold.
  1728 | D:2      | 1728 ||| DRINKING 3 fuming red potions.
  1833 | D:2      | 1833 ||| DROPPING 2 potions of berserk rage.
  1862 | D:3      | 1862 ||| STAIRDANCE
  1939 | D:3      | Found a broken altar of Ashenzari.
  2189 | D:3      | Found a large runed translucent door.
  2198 | D:3      | Found a large runed translucent door.
  2474 | D:3      | Reached skill level 3 in Fighting
  2474 | D:3      | Reached XP level 5. HP: 45/45 MP: 5/5
  2503 | D:3      | HP: 11/45 [orc priest/divine providence (12)]
  2762 | D:3      | 2762 ||| READING scroll labelled EBBAMU LUAJARA.
  2763 | D:3      | 2763 ||| DRINKING 2 brown potions.
  2798 | D:4      | Noticed Eustachio
  2798 | D:4      | Noticed Natasha
  2800 | D:4      | Noticed a black bear
  2803 | D:4      | 2803 ||| STAIRDANCE
  2808 | D:3      | 2808 ||| FLEEEEING.
  2809 | D:3      | 2809 ||| STAIRDANCE
  2868 | D:3      | HP: 7/45 [iron imp[Eustachio] (7)]
  2869 | D:3      | 2869 ||| DRINKING potion of heal wounds.
  2877 | D:3      | HP: 11/45 [river rat[Eustachio] (2)]
  2879 | D:3      | 2879 ||| FLEEEEING.
  2880 | D:3      | 2880 ||| STAIRDANCE
  3009 | D:3      | 3009 ||| STAIRDANCE
  3028 | D:3      | 3028 ||| STAIRDANCE
  3039 | D:2      | HP: 8/45 [shadow imp/nerve-wracking pain[Eustachio] (13)]
  3041 | D:2      | 3041 ||| FLEEEEING.
  3042 | D:2      | 3042 ||| FLEEEEING.
  3043 | D:2      | 3043 ||| FLEEEEING.
  3044 | D:2      | 3044 ||| FLEEEEING.
  3045 | D:2      | 3045 ||| FLEEEEING.
  3046 | D:2      | 3046 ||| FLEEEEING.
  3047 | D:2      | 3047 ||| FLEEEEING.
  3048 | D:2      | 3048 ||| FLEEEEING.
  3057 | D:2      | HP: 8/45 [Eustachio/+0 rapier (5)]
  3060 | D:2      | HP: 3/45 [white imp[Eustachio] (3)]
  3064 | D:2      | Slain by Eustachio

Levels and vault maps discovered:
D:1:      lightli_arrival_lavapool, layout_basic,
          hellmonk_ecumenical_altar_zigzags
D:2:      minmay_skewed_foursquare, layout_basic
D:3:      layout_basic, mainiacjoe_overflow_six_doors_small,
          jmf_multi_god_temple2, kennysheep_cluttered_room
D:4:      layout_cave_pods, grunt_temple_overflow_lords_of_destruction,
          kennysheep_mini_moat, serial_shops, nicolae_shop_waterfront,
          uniq_eustachio, uniq_natasha, uniq_blork_the_orc

Skill      XL: |  1  2  3  4 |
---------------+-------------+-----
Ranged Weapons | 3 4 5 |  5.8
Fighting       | 2 3 |  3.3
Dodging        | |  2.1
Spellcasting   | |  1.0
Hexes          | |  2.0

Action                     |  1- 3 |  4- 6 || total
---------------------------+-------+-------++-------
   Fire: Sling             |   108 |   156 ||   264
    Use: Scroll            |     4 |     1 ||     5
         Potion            |       |     3 ||     3
 Armour: Leather armour    |    13 |    66 ||    79
         Robe              |     1 |       ||     1
  Dodge: Dodged            |    32 |    96 ||   128

Table legend:
 A = Non-vault XP
 B = Vault XP
 C = Vault XP percentage of total XP
 D = Non-vault monster count
 E = Vault monster count
 F = Vault count percentage of total count
                 A         B        C        D         E       F
            +---------+---------+-------+---------+---------+-------
      Total |     298 |      13 |   4.2 |      61 |       6 |   9.0
            +---------+---------+-------+---------+---------+-------
        D:1 |      79 |       0 |   0.0 |      28 |       0 |   0.0
        D:2 |      70 |      13 |  15.7 |      21 |       6 |  22.2
        D:3 |     136 |       0 |   0.0 |      11 |       0 |   0.0
        D:4 |      13 |       0 |   0.0 |       1 |       0 |   0.0
            +---------+---------+-------+---------+---------+-------
